 Dungeon Sprint DCSS version 0.17-a0-1382-gc46a074 (webtiles) character file.

36575 Kidiri the Unseen (level 13, -21/67 HPs)
             Began as a Spriggan Enchanter on June 15, 2015.
             Was the Champion of Dithmenos.
             Killed from afar by Loefiwn the pandemonium lord (88 damage)
             ... with a great blast of fire
             ... in the Dungeon (Sprint I: "Red Sonja").
             The game lasted 00:34:08 (4192 turns).

Kidiri the Unseen (Spriggan Enchanter)              Turns: 4192, Time: 00:34:08

Health: -21/67     AC:  6    Str:  9    XL:     13   Next: 53%
Magic:  29/32      EV: 32    Int: 19    God:    Dithmenos [******]
Gold:   384        SH:  0    Dex: 26    Spells: 10 memorised, 8 levels left

rFire  . . .     SeeInvis +     z - +2 dagger "Mineadih" {pierce, *Rage Str+5 Dex+7}
rCold  . . .     Rnd*Rage +     q - +1 robe of Baldness {Regen+}
rNeg   + . .     SustAt   .     (shield restricted)
rPois  .         Gourm    .     (helmet restricted)
rElec  .         Spirit   .     b - +2 cloak {+Inv}
rCorr  .         Warding  .     (gloves unavailable)
rMut   .         NoTele   +     (boots unavailable)
MR     ++...                    (no amulet)
Stlth  ++++++....               (no ring)
                                w - ring of positive energy

@: very slightly contaminated, wreathed by umbra, very quick, very resistant to
hostile enchantments, very stealthy
A: unfitting armour, see invisible, herbivore 3, speed 3, slow metabolism 2
a: Shadow Step, Shadow Form, Renounce Religion, Evoke Invisibility
0: Orb of Zot


You were in the Dungeon.
You worshipped Dithmenos.
Dithmenos was exalted by your worship.
You were not hungry.

You visited 1 branch You collected 2937 gold pieces.
You spent 2553 gold pieces at shops.

Inventory:

Hand weapons
 a - a +1 dagger
 m - a +0 blowgun
 n - a +0 short sword of venom
 x - the +0 shortbow of Equivalence {venom, rElec Int+2}
   (You bought it in a shop in the Dungeon)

   It poisons the ammo it fires.
   It affects your intelligence (+2).
   It insulates you from electricity.
 y - a +0 dagger of holy wrath
 z - the +2 dagger "Mineadih" (weapon) {pierce, *Rage Str+5 Dex+7}
   (You bought it in a shop in the Dungeon)

   It inflicts extra damage upon your enemies.
   It affects your strength (+5).
   It affects your dexterity (+7).
   It may make you go berserk in combat.
Missiles
 o - 8 curare-tipped needles
 r - 114 arrows
 s - 12 poisoned arrows
Armour
 b - a +2 cloak of invisibility (worn)
 q - the +1 robe of Baldness (worn) {Regen+}
   (You bought it in a shop in the Dungeon)

   It increases your rate of regeneration.
Jewellery
 w - a ring of positive energy (left hand)
Magical devices
 B - a wand of magic darts (25)
Scrolls
 j - a scroll of blinking
 p - 3 scrolls of enchant armour
 A - a scroll of remove curse
Potions
 e - 7 potions of curing
 f - a potion of brilliance {unknown}
 g - a potion of haste
 h - 2 potions of magic
 i - 2 potions of berserk rage
 k - a potion of invisibility
 t - a potion of poison {unknown}
 u - 2 potions of might
 v - 2 potions of cancellation {unknown}
Books
 c - a book of Maledictions

   Spells                             Type                      Level
   a - Corona                         Hexes                        1
   b - Ensorcelled Hibernation        Hexes/Ice                    2
   c - Confuse                        Hexes                        3
   d - Tukima's Dance                 Hexes                        3
   e - Dazzling Spray                 Conjuration/Hexes            3
 l - a book of Burglary

   Spells                             Type                      Level
   a - Swiftness                      Charms/Air                   2
   b - Passwall                       Transmutation/Earth          3
   c - Passage of Golubria            Translocation                4
   d - Lee's Rapid Deconstruction     Earth                        5
   e - Invisibility                   Hexes                        6
   f - Darkness                       Hexes                        7
Comestibles
 d - a bread ration


   Skills:
 - Level 7.1 Fighting
 * Level 13.4 Short Blades
 + Level 7.6 Throwing
 * Level 16.9 Dodging
 * Level 18.2 Stealth
 * Level 14.4 Spellcasting
 + Level 6.3 Conjurations
 + Level 11.4 Hexes
 + Level 2.6 Charms
 * Level 4.1 Translocations
 + Level 6.9 Transmutations
 + Level 7.4 Ice Magic
 + Level 1.7 Air Magic
 + Level 4.7 Earth Magic
 + Level 8.1 Invocations
 + Level 8.4 Evocations


You had 8 spell levels left.
You knew the following spells:

 Your Spells              Type           Power        Failure   Level  Hunger
a - Corona                Hex            ######.      1%          1    None
b - Ensorcelled Hibernat  Hex/Ice        #####.       1%          2    None
c - Confuse               Hex            ######..     1%          3    None
d - Tukima's Dance        Hex            ######..     1%          3    None
e - Dazzling Spray        Conj/Hex       #####...     1%          3    None
f - Passwall              Trmt/Erth      #####.....   1%          3    None
g - Lee's Rapid Deconstr  Erth           ####......   21%         5    ####...
h - Swiftness             Chrm/Air       ###.....     3%          2    None
i - Invisibility          Hex            ######..     8%          6    #####..
j - Passage of Golubria   Tloc           N/A          12%         4    None


Dungeon Overview and Level Annotations

Branches:
Dungeon (1/1)

Altars:
Cheibriados
Dithmenos
Elyvilon
Fedhas
Gozag
Kikubaaqudgha
Makhleb
Nemelex Xobeh
Okawaru
Qazlal
Ru
Sif Muna
Trog
Vehumet
Xom
Yredelemnul
Zin
The Shining One
Jiyva

Shops:
D %(:!%(!*!?(*[[[}(:[[%

Annotations:
D Norris, Tiamat


Innate Abilities, Weirdness & Mutations

You are tiny and cannot use many weapons and most armour.
You have supernaturally acute eyesight.
You are a herbivore.
You cover ground extremely quickly.
You need consume almost no food.


Message History

Things that are here:
a scythe; a robe You open the door.
You hear a grinding noise.
There is an open door here.
You open the door.
There is an open door here.
You hear a grinding noise.
You see here a club.
You open the door.
Press: ? - help, v - describe, . - travel
Here: Loefiwn (umbra)
The floor.
Unknown command.
There is an open door here.
There is a staircase leading out of the dungeon here.
Loefiwn gestures at you while chanting.
A raging storm of fire appears!
The great blast of fire engulfs you!
Ouch! That really hurt!
You die...

##################
#@.#..'..#.)'..#__
#..&).#.)'&.#.&'..
#..#####+#####'#__
#..####..#...#[###
#..#__####..##.#§§
#..#_..__##+#..§§§
#⌠⌠#_.∩...+..._#§§
####_..._##_.#+##+
#_____###'#.#..


You could see Loefiwn.

Vanquished Creatures
  4 fire giants (D)
  2 centaur warriors (D)
  A hydra (D)
  Sonja (D)
  7 unseen horrors (D)
  A deep troll (D)
  A lindwurm (D)
  8 shining eyes (D)
  An oklob plant (D)
  2 kobold demonologists (D)
  A gargoyle (D)
  4 demonic crawlers (D)
  A slime creature (D)
  Sigmund (D)
  4 trapdoor spiders (D)
  A yak (D)
  13 hogs (D)
  A wasp (D)
  7 necrophages (D)
  An ogre (D)
  8 jellies (D)
  Ijyb (D)
  7 giant eyeballs (D)
  A giant spore (D)
  2 ballistomycetes (D)
81 creatures vanquished.

Vanquished Creatures (others)
  A gargoyle (D)
  A giant spore (D)
2 creatures vanquished.

Grand Total: 83 creatures vanquished

Notes
Turn   | Place    | Note
--------------------------------------------------------------
     0 | D        | Kidiri the Spriggan Enchanter began the quest for the Orb.
     0 | D        | Reached XP level 1. HP: 9/9 MP: 5/5
     2 | D        | Noticed Ijyb
    10 | D        | Killed Ijyb
    10 | D        | Reached skill level 1 in Fighting
    10 | D        | Reached skill level 6 in Stealth
    10 | D        | Reached XP level 2. HP: 7/14 MP: 5/8
    14 | D        | Learned a level 2 spell: Ensorcelled Hibernation
   187 | D        | Noticed an ogre
   194 | D        | Killed an ogre
   194 | D        | Reached skill level 7 in Stealth
   194 | D        | Reached skill level 5 in Spellcasting
   194 | D        | Reached skill level 5 in Hexes
   194 | D        | Reached skill level 1 in Ice Magic
   194 | D        | Reached XP level 3. HP: 16/18 MP: 6/10
   194 | D        | Reached XP level 4. HP: 20/23 MP: 7/12
   199 | D        | Learned a level 3 spell: Confuse
   203 | D        | Learned a level 3 spell: Tukima's Dance
   207 | D        | Learned a level 3 spell: Dazzling Spray
   242 | D        | Noticed Sigmund
   245 | D        | Killed Sigmund
   245 | D        | Reached skill level 5 in Short Blades
   245 | D        | Reached skill level 8 in Dodging
   245 | D        | Reached skill level 9 in Stealth
   245 | D        | Reached skill level 1 in Conjurations
   245 | D        | Reached XP level 5. HP: 28/28 MP: 13/15
   245 | D        | Reached XP level 6. HP: 32/32 MP: 13/16
   268 | D        | Found a snail-covered altar of Cheibriados.
   268 | D        | Found a shadowy altar of Dithmenos.
   268 | D        | Noticed a slime creature
   269 | D        | Found a viscous altar of Jiyva.
   269 | D        | Found a blossoming altar of Fedhas.
   271 | D        | Killed a slime creature
   271 | D        | Reached skill level 10 in Stealth
   273 | D        | Became a worshipper of Dithmenos the Shadowed
   291 | D        | Found a deep blue altar of Sif Muna.
   292 | D        | Noticed a jelly
   293 | D        | Found a radiant altar of Vehumet.
   297 | D        | Killed a jelly
   330 | D        | Found Zenocona's Distillery.
   330 | D        | Found a white marble altar of Elyvilon.
   330 | D        | Found a stormy altar of Qazlal.
   330 | D        | Found a burning altar of Makhleb.
   330 | D        | Found a sacrificial altar of Ru.
   330 | D        | Found a basalt altar of Yredelemnul.
   330 | D        | Found a glowing golden altar of the Shining One.
   330 | D        | Found a sparkling altar of Nemelex Xobeh.
   330 | D        | Found a shimmering altar of Xom.
   330 | D        | Found an opulent altar of Gozag.
   330 | D        | Found an ancient bone altar of Kikubaaqudgha.
   330 | D        | Found a glowing silver altar of Zin.
   330 | D        | Noticed a yak
   331 | D        | Found an iron altar of Okawaru.
   332 | D        | Killed a yak
   332 | D        | Reached skill level 1 in Invocations
   332 | D        | Reached skill level 1 in Evocations
   332 | D        | Reached XP level 7. HP: 36/36 MP: 17/19
   333 | D        | Found a bloodstained altar of Trog.
   344 | D        | Noticed Sonja
   349 | D        | Killed Sonja
   349 | D        | Reached skill level 10 in Dodging
   349 | D        | Reached skill level 11 in Stealth
   349 | D        | Reached XP level 8. HP: 28/42 MP: 17/22
   373 | D        | Found Adeahel's Food Boutique.
   533 | D        | Killed a gargoyle
   558 | D        | Noticed a deep troll
   569 | D        | Killed a deep troll
   569 | D        | Reached skill level 1 in Throwing
   569 | D        | Reached skill level 12 in Stealth
   581 | D        | Found Xiymun's Armour Emporium.
   589 | D        | Bought the +1 robe of Baldness {Regen+} for 139 gold pieces
   645 | D        | Noticed a centaur warrior
   646 | D        | Noticed a centaur warrior
   652 | D        | Killed a centaur warrior
   652 | D        | Reached skill level 13 in Stealth
   652 | D        | Reached skill level 10 in Spellcasting
   652 | D        | Reached XP level 9. HP: 36/46 MP: 11/24
   660 | D        | Killed a centaur warrior
   660 | D        | Acquired Dithmenos's first power
   660 | D        | Reached skill level 5 in Fighting
   725 | D        | Noticed a wasp
   728 | D        | Killed a wasp
   840 | D        | Noticed an oklob plant
   842 | D        | Killed an oklob plant
   842 | D        | Reached skill level 5 in Ice Magic
   849 | D        | Noticed a trapdoor spider
   855 | D        | Killed a trapdoor spider
   855 | D        | Reached skill level 10 in Short Blades
   855 | D        | Reached skill level 14 in Stealth
   926 | D        | Noticed a trapdoor spider
   927 | D        | Noticed a trapdoor spider
   941 | D        | Killed a trapdoor spider
   947 | D        | Killed a trapdoor spider
   947 | D        | Acquired Dithmenos's second power
   947 | D        | Reached XP level 10. HP: 33/51 MP: 17/26
  1025 | D        | Noticed a trapdoor spider
  1032 | D        | Killed a trapdoor spider
  1041 | D        | Noticed an unseen horror
  1041 | D        | Noticed an unseen horror
  1047 | D        | Killed an unseen horror
  1047 | D        | Reached skill level 5 in Invocations
  1049 | D        | Killed an unseen horror
  1054 | D        | Noticed a jelly
  1054 | D        | Noticed a jelly
  1054 | D        | Noticed a jelly
  1054 | D        | Noticed a jelly
  1054 | D        | Noticed a jelly
  1054 | D        | Noticed a jelly
  1054 | D        | Noticed a jelly
  1056 | D        | Killed a jelly
  1057 | D        | Killed a jelly
  1057 | D        | Acquired Dithmenos's third power
  1062 | D        | Noticed a necrophage
  1062 | D        | Noticed a necrophage
  1074 | D        | Killed a jelly
  1077 | D        | Killed a jelly
  1081 | D        | Killed a jelly
  1086 | D        | Killed a jelly
  1177 | D        | Acquired Dithmenos's fourth power
  1194 | D        | Found Oppis Goara's General Store.
  1194 | D        | Found Meas's Book Boutique.
  1195 | D        | Found Afoif's Distillery.
  1195 | D        | Found Amidox's Armour Emporium.
  1195 | D        | Noticed a necrophage
  1195 | D        | Noticed a necrophage
  1195 | D        | Noticed a necrophage
  1195 | D        | Noticed a necrophage
  1195 | D        | Noticed a necrophage
  1196 | D        | Found Cameehio's Food Emporium.
  1214 | D        | Killed a jelly
  1220 | D        | Killed a necrophage
  1235 | D        | Killed a necrophage
  1235 | D        | Reached skill level 15 in Stealth
  1236 | D        | Killed a necrophage
  1238 | D        | Killed a necrophage
  1239 | D        | Killed a necrophage
  1247 | D        | Killed a necrophage
  1248 | D        | Killed a necrophage
  1263 | D        | Got a brightly glowing cloak
  1269 | D        | Identified the -7 cloak "Fuent" {-Cast rN+++ MR+ SInv} (You found it in the Dungeon)
  1284 | D        | Found Qagekhuj's Distillery.
  1286 | D        | Found Asan's Magic Scroll Emporium.
  1286 | D        | Found Vuerreuc's Antique Weapon Shop.
  1286 | D        | Found Wocw's General Store.
  1286 | D        | Found Leiv's Armour Boutique.
  1286 | D        | Found Irghiasoi's Armour Emporium.
  1286 | D        | Found Cagot's Antique Armour Shop.
  1286 | D        | Found Qoezemes's Gadget Shoppe.
  1290 | D        | Found Fuwuicw's Weapon Boutique.
  1320 | D        | Bought a polished shortbow for 224 gold pieces
  1320 | D        | Identified the cursed +0 shortbow of Equivalence {venom, rElec Int+2} (You bought it in a shop in the Dungeon)
  1324 | D        | Bought a +1 cloak of invisibility for 198 gold pieces
  1331 | D        | Bought a book of Burglary for 825 gold pieces
  1335 | D        | Learned a level 3 spell: Passwall
  1352 | D        | Bought a scroll of remove curse for 36 gold pieces
  1359 | D        | Learned a level 5 spell: Lee's Rapid Deconstruction
  1362 | D        | Learned a level 2 spell: Swiftness
  1369 | D        | Learned a level 6 spell: Invisibility
  1374 | D        | Learned a level 4 spell: Passage of Golubria
  1522 | D        | Noticed a kobold demonologist
  1523 | D        | Noticed a kobold demonologist
  1526 | D        | Killed a kobold demonologist
  1526 | D        | Reached skill level 5 in Throwing
  1529 | D        | Killed a kobold demonologist
  1529 | D        | Reached skill level 1 in Transmutations
  1580 | D        | Noticed a demonic crawler
  1580 | D        | Noticed a demonic crawler
  1580 | D        | Noticed a demonic crawler
  1580 | D        | Noticed a demonic crawler
  1582 | D        | Killed a demonic crawler
  1582 | D        | Reached skill level 1 in Earth Magic
  1583 | D        | Killed a demonic crawler
  1585 | D        | Killed a demonic crawler
  1586 | D        | Killed a demonic crawler
  1586 | D        | Reached skill level 5 in Conjurations
  1610 | D        | Noticed a lindwurm
  1613 | D        | Killed a lindwurm
  1613 | D        | Reached skill level 5 in Evocations
  1613 | D        | Reached XP level 11. HP: 56/56 MP: 28/28
  1624 | D        | Noticed a hog
  1624 | D        | Noticed a hog
  1624 | D        | Noticed a hog
  1624 | D        | Noticed a hog
  1624 | D        | Noticed a hog
  1624 | D        | Noticed a hog
  1626 | D        | Killed a hog
  1627 | D        | Noticed a hog
  1627 | D        | Noticed a hog
  1628 | D        | Noticed a hog
  1634 | D        | Killed a hog
  1635 | D        | Noticed a hog
  1635 | D        | Noticed a hog
  1635 | D        | Noticed a hog
  1641 | D        | Killed a hog
  1641 | D        | Reached skill level 10 in Hexes
  1643 | D        | Killed a hog
  1646 | D        | Killed a hog
  1649 | D        | Killed a hog
  1650 | D        | Killed a hog
  1652 | D        | Noticed a hog
  1652 | D        | Killed a hog
  1653 | D        | Killed a hog
  1654 | D        | Killed a hog
  1654 | D        | Reached skill level 16 in Stealth
  1656 | D        | Killed a hog
  1657 | D        | Killed a hog
  1659 | D        | Killed a hog
  1659 | D        | Reached skill level 15 in Dodging
  1825 | D        | Noticed a lorocyproca
  1826 | D        | Noticed Norris
  1844 | D        | HP: 1/56 [lorocyproca (5)]
  2380 | D        | Noticed a gargoyle
  2387 | D        | Killed a gargoyle
  2425 | D        | Noticed a 12-headed hydra
  2427 | D        | Killed a 12-headed hydra
  3483 | D        | Noticed a siren
  3519 | D        | Noticed a daeva
  3523 | D        | Noticed an unseen horror
  3523 | D        | Noticed an unseen horror
  3523 | D        | Noticed an unseen horror
  3567 | D        | Killed an unseen horror
  3576 | D        | Noticed an unseen horror
  3578 | D        | Noticed an unseen horror
  3584 | D        | Killed an unseen horror
  3588 | D        | Killed an unseen horror
  3595 | D        | Killed an unseen horror
  3597 | D        | Killed an unseen horror
  3597 | D        | Reached skill level 5 in Transmutations
  3741 | D        | Noticed a fire giant
  3742 | D        | Noticed a fire giant
  3742 | D        | Noticed a fire giant
  3742 | D        | Noticed a fire giant
  3743 | D        | Killed a fire giant
  3743 | D        | Reached skill level 17 in Stealth
  3745 | D        | Killed a fire giant
  3745 | D        | Reached XP level 12. HP: 62/62 MP: 21/30
  3746 | D        | Killed a fire giant
  3748 | D        | Killed a fire giant
  3790 | D        | Noticed Tiamat
  3898 | D        | Noticed a shining eye
  3898 | D        | Noticed a shining eye
  3898 | D        | Noticed a shining eye
  3899 | D        | Noticed a shining eye
  3899 | D        | Noticed a shining eye
  3899 | D        | Noticed a shining eye
  3899 | D        | Noticed a shining eye
  3900 | D        | Killed a shining eye
  3900 | D        | Reached skill level 1 in Translocations
  3901 | D        | Killed a shining eye
  3902 | D        | Noticed a shining eye
  3903 | D        | Killed a shining eye
  3903 | D        | Reached skill level 1 in Charms
  3904 | D        | Killed a shining eye
  3904 | D        | Reached skill level 1 in Air Magic
  3906 | D        | Killed a shining eye
  3906 | D        | Reached skill level 18 in Stealth
  3907 | D        | Killed a shining eye
  3910 | D        | Killed a shining eye
  3912 | D        | Killed a shining eye
  3929 | D        | Found Xolluadousch's Weapon Shoppe.
  3929 | D        | Found Sifiz's Weapon Boutique.
  3929 | D        | Found Vajekkyz's Book Emporium.
  3930 | D        | Found Joaqug's Food Shop.
  3947 | D        | Bought the +2 dagger "Mineadih" {pierce, *Rage Str+5 Dex+7} for 431 gold pieces
  4007 | D        | Bought a potion of experience for 700 gold pieces
  4007 | D        | Reached XP level 13. HP: 67/67 MP: 28/32
  4105 | D        | Got the Orb of Zot
  4174 | D        | Noticed Loefiwn the pandemonium lord
  4192 | D        | Killed from afar by Loefiwn the pandemonium lord

Vault maps used:
D:        dungeon_sprint_1

Action                   |  1- 3 |  4- 6 |  7- 9 | 10-12 | 13-15 || total
-------------------------+-------+-------+-------+-------+-------++-------
Melee: Dagger            |     7 |     4 |     1 |    13 |       ||    25
       Short sword       |       |       |    32 |   120 |       ||   152
 Fire: Shortbow          |       |       |       |     4 |       ||     4
 Cast: Corona            |     1 |       |       |       |       ||     1
       Ensorcelled Hiber |     1 |       |     4 |    19 |       ||    24
       Confuse           |       |       |     5 |    10 |       ||    15
       Passwall          |       |       |       |    11 |     4 ||    15
       Passage of Golubr |       |       |       |       |     3 ||     3
Invok: Shadow Step       |       |       |       |     7 |       ||     7
 Abil: Evoke Invisibilit |       |       |       |     2 |       ||     2
  Use: Scroll            |       |       |       |     5 |       ||     5
       Potion            |       |       |       |     4 |       ||     4
 Stab: Sleeping          |     2 |     4 |     5 |    54 |       ||    65
       Confused          |       |       |     3 |     6 |       ||     9
  Eat: Bread ration      |       |       |       |     1 |       ||     1
